AoeStats
← Dazai

Arabia

506178171Analyzed
2v2 RM · 20d ago on Sep 12, 2026· 58m 43s· 4 players
Game mode
Random Map
Map size
Medium (4 player)
Population
200
Speed
Normal
Resources
Standard
Victory
Conquest
Starting age
Dark Age
Ending age
Imperial Age
RankedLock teamsTeams togetherTeam positionsShared explorationLock speedFull tech treeHidden civsTurbo modeCheats
Victory
Defeat
🇦🇷 Magyars · Argentina
1036
+14
🇦🇷 Aztecs · Argentina
1032
+14
🇵🇱 Franks · Poland
996
-14
🇵🇪 Goths · Peru
985
-14
mateuszes
1:22 Loom
11:35 Feudal Age
12:13 Double-Bit Axe
14:02 Wheelbarrow
19:29 Forging
23:53 Castle Age
23:37 Gold Mining
25:08 Hand Cart
25:32 Scale Barding Armor
26:46 Hand Cart
29:16 Fletching
31:06 Chain Barding Armor
31:52 Town Watch
32:11 Husbandry
31:34 Light Cavalry
33:56 Bodkin Arrow
35:55 Gold Shaft Mining
37:48 #83
40:06 Elite Skirmisher
44:39 Iron Casting
48:22 Imperial Age
46:19 Bow Saw
xxzonabatexx
5:37 Loom
11:06 Feudal Age
11:58 Man-at-Arms
13:15 Horse Collar
14:10 Town Watch
18:42 Double-Bit Axe
21:17 Castle Age
19:54 Padded Archer Armor
20:54 Fletching
22:15 Leather Archer Armor
21:54 Elite Skirmisher
24:38 Crossbowman
26:20 Heavy Plow
27:08 Gold Mining
28:57 Wheelbarrow
29:37 Stone Mining
29:40 Long Swordsman
30:41 Bodkin Arrow
31:42 Hand Cart
33:44 Stone Shaft Mining
33:16 Squires
37:17 Anarchy
37:46 Scale Mail Armor
43:00 Imperial Age
43:19 Chain Mail Armor
45:01 Elite Huskarl
48:02 Perfusion
48:40 Two-Handed Swordsman
52:09 Champion
Dazai
5:13 Loom
10:19 Feudal Age
22:45 Castle Age
21:01 Double-Bit Axe
26:30 Fletching
27:04 Husbandry
27:11 Gold Mining
29:18 Bodkin Arrow
30:43 Bow Saw
31:27 Padded Archer Armor
33:19 Leather Archer Armor
35:31 Stone Mining
39:54 Imperial Age
40:33 Bloodlines
44:10 Bracer
45:43 Heavy Cavalry Archer
50:14 Heated Shot
50:48 Ballistics
51:29 Chemistry
56:49 Recurve Bow
58:25 Scale Barding Armor
58:33 Cavalier
59:36 Chain Barding Armor
PocholA!
7:36 Loom
11:22 Feudal Age
16:39 Fletching
21:33 Castle Age
20:24 Horse Collar
20:32 Double-Bit Axe
24:28 Forging
24:27 Squires
24:57 Eagle Warrior
25:58 Scale Mail Armor
27:01 Iron Casting
26:27 Gold Mining
33:44 Gold Shaft Mining
33:44 Chain Mail Armor
34:58 Bow Saw
34:52 Heavy Plow
40:36 Imperial Age
40:46 Bodkin Arrow
42:36 Conscription
43:24 Elite Jaguar Warrior
56:44 Garland Wars
Connection lost

Rejoining the realm…

Still unreachable

The connection could not be restored.

Session expired

The server has moved on; the page needs a fresh start.